 Dungeon Crawl Stone Soup version 0.29.1-15-g9cfb28693d (webtiles) character file.

Game seed: 16550293376326358662

838 Renzlar the Shield-Bearer (level 7, -3/60 HPs)
             Began as a Gnoll Fighter on Mar 9, 2023.
             Slain by Blork the orc
             ... wielding a +0 hand axe
              (7 damage)
             ... on level 5 of the Dungeon.
             The game lasted 00:19:46 (6141 turns).

Renzlar the Shield-Bearer (Gnoll Fighter)           Turns: 6141, Time: 00:19:47

Health: -3/60      AC:  5    Str: 18    XL:     7   Next: 99%
Magic:  11/11      EV: 10    Int: 13    God:
Gold:   225        SH:  5    Dex: 11    Spells: 12/12 levels left

rFire   + + .      SeeInvis .   d - +5 hammer of Botaj {pain, rF+ Will+}
rCold   . . .      Faith    .   i - +0 buckler
rNeg    . . .      Spirit   .   b - +1 scale mail
rPois   +          Reflect  .   (no helmet)
rElec   +          Harm     .   m - +2 cloak
rCorr   .          Rampage  .   v - +0 pair of gloves
Will    +++..                   (no boots)
Stlth   +.........              (no amulet)
HPRegen 0.20/turn               j - ring of poison resistance
MPRegen 0.12/turn               y - ring of Compassion {*Corrode rElec rF+ Will++ Int+6}

@: corroded
A: fangs 1, strong nose, distributed training
a: no special abilities


You were on level 5 of the Dungeon.
You visited 1 branch of the dungeon, and saw 5 of its levels.
You also visited: Sewer.

You collected 225 gold pieces.

Inventory:

Hand Weapons
 a - a +1 war axe
 c - a +0 sling
 d - the +5 hammer of Botaj (weapon) {pain, rF+ Will+}
   (You found it on level 3 of the Dungeon)

   In the hands of one skilled in necromantic magic, it inflicts extra damage on
   living creatures.
   rF:        It protects you from fire.
   Will:      It increases your willpower.
 q - a +3 short sword
Missiles
 g - 13 poisoned darts
 l - 6 javelins (quivered)
Armour
 b - a +1 scale mail (worn)
 i - a +0 buckler (worn)
 m - a +2 cloak (worn)
 v - a +0 pair of gloves (worn)
Jewellery
 j - a ring of poison resistance (left hand)
 k - a ring of resist corrosion
 p - a ring of protection from fire
 y - the ring of Compassion (right hand) {*Corrode rElec rF+ Will++ Int+6}
   (You took it off an orc on level 5 of the Dungeon)

   [ring of intelligence]

   Int:       It affects your intelligence (+6).
   rF:        It protects you from fire.
   rElec:     It insulates you from electricity.
   *Corrode:  It may corrode you when you take damage.
   Will:      It greatly increases your willpower.
Wands
 w - a wand of acid (8)
Scrolls
 f - 3 scrolls of blinking
 r - 2 scrolls of enchant armour
 u - a scroll of fear
 x - a scroll of identify
Potions
 e - a potion of berserk rage
 h - 2 potions of cancellation {unknown}
 n - 2 potions of mutation {unknown}
 o - 2 potions of curing {unknown}
 s - 2 potions of heal wounds {unknown}
 t - 2 potions of magic {unknown}


   Skills:
 + Level 7.2 Fighting
 + Level 3.0 Short Blades
 + Level 3.0 Long Blades
 + Level 5.5 Axes
 + Level 3.0 Maces & Flails
 + Level 3.0 Polearms
 + Level 3.0 Staves
 + Level 3.0 Ranged Weapons
 + Level 3.0 Throwing
 + Level 7.2 Armour
 + Level 3.0 Dodging
 + Level 3.0 Stealth
 + Level 7.2 Shields
 + Level 3.0 Unarmed Combat
 + Level 3.0 Spellcasting
 + Level 2.4 Conjurations
 + Level 2.4 Hexes
 + Level 2.4 Summonings
 + Level 2.4 Necromancy
 + Level 2.4 Translocations
 + Level 2.4 Transmutations
 + Level 2.4 Fire Magic
 + Level 2.4 Ice Magic
 + Level 2.4 Air Magic
 + Level 2.4 Earth Magic
 + Level 2.4 Poison Magic
 + Level 3.2 Invocations
 + Level 3.0 Evocations


You had 12 spell levels left.
You didn't know any spells.
Your spell library contained the following spells:

 Spells                   Type           Power      Damage    Failure   Level
 Shock                    Conj/Air       32%        1d5       30%         1
 Call Canine Familiar     Summ           8%         N/A       67%         3
 Gell's Gravitas          Tloc           8%         N/A       67%         3
 Lesser Beckoning         Tloc           8%         N/A       67%         3
 Summon Guardian Golem    Hex/Summ       8%         N/A       67%         3
 Teleport Other           Tloc           8%         N/A       67%         3
 Fireball                 Conj/Fire      4%         3d4       100%        5
 Iskenderun's Battlesphe  Conj           8%         2d6       100%        5
 Conjure Ball Lightning   Conj/Air       4%         3x3d6     100%        6
 Monstrous Menagerie      Summ           4%         N/A       100%        7
 Orb of Destruction       Conj           4%         9d5       100%        7
 Spellforged Servitor     Conj/Summ      4%         N/A       100%        7
 Dragon's Call            Summ           4%         N/A       100%        9


Dungeon Overview and Level Annotations

Branches:
Dungeon (5/15)              Sewer (visited)
 Temple: D:4-7

Altars:
Fedhas
Nemelex Xobeh
Trog
Zin

Annotations:
D:5 Blork the orc


Innate Abilities, Weirdness & Mutations

You have very sharp teeth.
Your uncanny sense of smell can sniff out nearby items.
Your experience applies equally to all skills.


Message History

You block Blork the orc's attack. The grasping roots constrict you.
Blork the orc hits you with a +0 hand axe.
The grasping roots constrict you.
Unknown command.
You sock Blork the orc!
Blork the orc is severely wounded.
Blork the orc hits you with a +0 hand axe.
The grasping roots constrict you.
Blork the orc hits you with a +0 hand axe!
* * * LOW HITPOINT WARNING * * *
The grasping roots constrict you.
* * * LOW HITPOINT WARNING * * *
The grasping roots release their grip on you.
Unknown command.
You hit Blork the orc.
Blork the orc is severely wounded.
Blork the orc barely misses you.
Blork the orc hits you with a +0 hand axe.
* * * LOW HITPOINT WARNING * * *
Unknown command.
Unknown command.
Okay, then.
You hit Blork the orc but do no damage.
Blork the orc writhes in agony.
Blork the orc is almost dead.
Blork the orc casts a spell at you. The puff of frost hits you!
* * * LOW HITPOINT WARNING * * *
Blork the orc begins to cast a cantrip, but forgets the words!
You closely miss Blork the orc.
Blork the orc is almost dead.
Blork the orc looks braver for a moment.
You hit Blork the orc but do no damage.
Blork the orc is almost dead.
Blork the orc cheers loudly.
Blork the orc casts a cantrip, but nothing happens.
Blork the orc barely misses you.
You closely miss Blork the orc.
Blork the orc is almost dead.
Blork the orc hits you with a +0 hand axe!
You die...

.#####.....## #..#
#..#..# # #
#..#....## ##.##
#..##.#####
#.##.....####.##
#..##...... #.#
#......##..#
#..###..... ..#
#...###....#
#..###..... ##.
#...# ##..##
##.......... . #..##
##.#####...........
#...#
##....#...###......
.....
##.@##.....##.......
.....
#.o####.........##..
.......##
##......#####.
.......
#........###.
..###..
#............ . #..
#............ #..
............. ...
............. o..
........


You could see Blork the orc (fast).

Vanquished Creatures
  Menkaure (D:4)
  An ice beast (D:3)
  An ogre (D:4)
  2 kobold brigands (Sewer)
  2 necrophages (D:4)
  Crazy Yiuf (D:3)
  Ijyb (D:5)
  6 adders
  4 river rats (Sewer)
  A white imp (D:5)
  4 worms
  2 dart slugs
  15 orcs
  8 endoplasms
  A giant cockroach (D:2)
  13 goblins
  8 hobgoblins
  2 jackals (Sewer)
  11 kobolds
  2 quokkas
  10 ball pythons
  6 bats
  5 frilled lizards
  11 rats
118 creatures vanquished.

Vanquished Creatures (others)
  2 plants (Sewer)
2 creatures vanquished.

Grand Total: 120 creatures vanquished

Notes
Turn   | Place    | Note
-------+----------+-------------------------------------------
     0 | D:1      | Renzlar the Gnoll Fighter began the quest for the Orb.
     0 | D:1      | Reached XP level 1. HP: 23/23 MP: 1/1
   119 | D:1      | Found a faded altar of an unknown god.
   127 | D:1      | Reached XP level 2. HP: 29/29 MP: 2/2
   264 | D:1      | Reached XP level 3. HP: 35/35 MP: 3/3
   782 | D:1      | Reached skill level 1 in Invocations
  1283 | D:2      | Reached skill level 1 in Short Blades
  1283 | D:2      | Reached skill level 1 in Long Blades
  1283 | D:2      | Reached skill level 1 in Maces & Flails
  1283 | D:2      | Reached skill level 1 in Polearms
  1283 | D:2      | Reached skill level 1 in Staves
  1283 | D:2      | Reached skill level 1 in Ranged Weapons
  1283 | D:2      | Reached skill level 1 in Throwing
  1283 | D:2      | Reached skill level 1 in Dodging
  1283 | D:2      | Reached skill level 1 in Stealth
  1283 | D:2      | Reached skill level 1 in Unarmed Combat
  1283 | D:2      | Reached skill level 1 in Spellcasting
  1283 | D:2      | Reached skill level 1 in Evocations
  1389 | D:2      | You fall into a shaft and drop 1 floor!
  1583 | D:2      | Reached XP level 4. HP: 41/41 MP: 5/5
  1852 | D:2      | Got the Book of Called Lightning
  2246 | D:3      | Found a runed translucent door.
  2247 | D:3      | Noticed Crazy Yiuf
  2255 | D:3      | Killed Crazy Yiuf
  2256 | D:3      | Reached skill level 1 in Conjurations
  2256 | D:3      | Reached skill level 1 in Hexes
  2256 | D:3      | Reached skill level 1 in Summonings
  2256 | D:3      | Reached skill level 1 in Necromancy
  2256 | D:3      | Reached skill level 1 in Translocations
  2256 | D:3      | Reached skill level 1 in Transmutations
  2256 | D:3      | Reached skill level 1 in Fire Magic
  2256 | D:3      | Reached skill level 1 in Ice Magic
  2256 | D:3      | Reached skill level 1 in Air Magic
  2256 | D:3      | Reached skill level 1 in Earth Magic
  2256 | D:3      | Reached skill level 1 in Poison Magic
  2259 | D:3      | Identified the +5 hammer of Botaj {pain, rF+ Will+}
  2400 | D:3      | Reached XP level 5. HP: 47/47 MP: 7/7
  2567 | D:3      | Noticed an ice beast
  2583 | D:3      | Killed an ice beast
  3141 | D:4      | Reached XP level 6. HP: 38/53 MP: 8/8
  3346 | D:4      | Reached skill level 5 in Axes
  3452 | D:4      | Noticed Menkaure
  3466 | D:4      | Killed Menkaure
  3787 | D:4      | Reached XP level 7. HP: 57/60 MP: 10/10
  4049 | D:4      | Found a blossoming altar of Fedhas.
  4431 | D:5      | Entered Level 5 of the Dungeon
  4533 | D:5      | Found a glowing drain.
  4542 | Sewer    | Entered a sewer
  5421 | D:5      | Noticed Ijyb
  5433 | D:5      | Killed Ijyb
  5498 | D:5      | Found a sparkling altar of Nemelex Xobeh.
  5500 | D:5      | Found a glowing silver altar of Zin.
  5796 | D:5      | Identified the ring of Compassion {*Corrode rElec rF+
                  | Will++ Int+6}
  5980 | D:5      | Found a bloodstained altar of Trog.
  6120 | D:5      | Noticed Blork the orc
  6141 | D:5      | Slain by Blork the orc

Illustrated notes

Levels and vault maps discovered:
D:1:      dpeg_arrival_lava_altar, layout_basic, ebering_ecumenical_altar_mist,
          minmay_tromino_mix6
D:2:      layout_basic, kennysheep_big_empty_room
D:3:      layout_basic, uniq_crazy_yiuf_cottage
D:4:      layout_loops_cross, fedhas_altar_3, chequers_decorated_corner,
          uniq_menkaure
D:5:      layout_layer_cave, mainiacjoe_overflow_alcove_4,
          nicolae_overflow_hidden_temple, portal_sewer_entry_d,
          uniq_blork_the_orc, uniq_ijyb

Skill      XL: |  1  2  3  4  5  6  7 |
---------------+----------------------+-----
Invocations    | 1 2 3 |  3.2
Short Blades   | 1 2 3 |  3.0
Long Blades    | 1 2 3 |  3.0
Maces & Flails | 1 2 3 |  3.0
Polearms       | 1 2 3 |  3.0
Staves         | 1 2 3 |  3.0
Ranged Weapons | 1 2 3 |  3.0
Throwing       | 1 2 3 |  3.0
Dodging        | 1 2 3 |  3.0
Stealth        | 1 2 3 |  3.0
Unarmed Combat | 1 2 3 |  3.0
Spellcasting   | 1 2 3 |  3.0
Evocations     | 1 2 3 |  3.0
Conjurations   | 1 2 |  2.4
Hexes          | 1 2 |  2.4
Summonings     | 1 2 |  2.4
Necromancy     | 1 2 |  2.4
Translocations | 1 2 |  2.4
Transmutations | 1 2 |  2.4
Fire Magic     | 1 2 |  2.4
Ice Magic      | 1 2 |  2.4
Air Magic      | 1 2 |  2.4
Earth Magic    | 1 2 |  2.4
Poison Magic   | 1 2 |  2.4
Axes           | 5 |  5.5
Fighting       | 7 |  7.2
Armour         | 7 |  7.2
Shields        | 7 |  7.2

Action                   |  1- 3 |  4- 6 |  7- 9 || total
-------------------------+-------+-------+-------++-------
Melee: War axe           |    88 |    23 |       ||   111
       Bite              |     2 |     7 |     5 ||    14
       Mace              |       |    73 |    82 ||   155
 Fire: Sling             |    59 |    50 |    57 ||   166
Throw: Javelin           |       |     1 |       ||     1
  Use: Scroll            |     5 |     4 |     2 ||    11
       Potion            |       |     1 |       ||     1
Armor: Scale mail        |    42 |    42 |    32 ||   116
Dodge: Dodged            |    24 |    38 |    31 ||    93
Block: Buckler           |    20 |    28 |    20 ||    68
